TOP OF THE 1ST |
Memphis Blues batting - Pitching for BlackIron Dragons : RHP Fernando Mendoza
|
Pitching: RHP Fernando Mendoza
|
|
Batting: RHB Jorge Domínguez
|
0-0: Swinging Strike 0-1: Foul Ball, location: 2F 0-2: Ball 1-2: Foul Ball, location: 2F 1-2: Strikes out looking
|
Batting: RHB Jaime Spiridon
|
0-0: Called Strike 0-1: Ball 1-1: Foul Ball, location: 2F 1-2: Foul Ball, location: 2F 1-2: Ground out 6-3 (Groundball, 6)
|
Batting: LHB Phil Cantrell
|
0-0: Ball 1-0: Called Strike 1-1: Foul Ball, location: 2F 1-2: Fly out, F6 (Popup, 6)
|
Top of the 1st over - 0 run(s), 0 hit(s), 0 error(s), 0 left on base; Memphis 0 - BlackIron 0 |
BOTTOM OF THE 1ST |
BlackIron Dragons batting - Pitching for Memphis Blues : RHP Rafael Ressureio
|
Pitching: RHP Rafael Ressureio
|
|
Batting: RHB Jesús Cruz
|
0-0: Swinging Strike 0-1: Called Strike 0-2: Ball 1-2: Strikes out swinging
|
Batting: RHB Boyd Pittman
|
0-0: Ground out U3 (Groundball, 3S)
|
Batting: RHB Gil Palmer
|
0-0: Foul Ball, location: 2F 0-1: Ball 1-1: Ball 2-1: Ball 3-1: Foul Ball, location: 2F 3-2: Foul Ball, location: 2F 3-2: Foul Ball, location: 2F 3-2: Foul Ball, location: 2F 3-2: Foul Ball, location: 2F 3-2: Base on Balls
|
Batting: LHB Culley Vaughan
|
0-0: Foul Ball, location: 2F 0-1: Ball 1-1: Ball 2-1: Called Strike 2-2: Strikes out swinging
|
Bottom of the 1st over - 0 run(s), 0 hit(s), 0 error(s), 1 left on base; Memphis 0 - BlackIron 0 |
TOP OF THE 2ND |
Memphis Blues batting - Pitching for BlackIron Dragons : RHP Fernando Mendoza
|
Batting: LHB Chris Austin
|
0-0: Foul Ball, location: 2F 0-1: Called Strike 0-2: Foul Ball, location: 2F 0-2: Ball 1-2: Fly out, F8 (Flyball, 78XD)
|
Batting: RHB Glenn Johnson
|
0-0: Ball 1-0: Fly out, F8 (Flyball, 8LD)
|
Batting: LHB Ken Nelson
|
0-0: Ball 1-0: Called Strike 1-1: Foul Ball, location: 2F 1-2: Strikes out swinging
|
Top of the 2nd over - 0 run(s), 0 hit(s), 0 error(s), 0 left on base; Memphis 0 - BlackIron 0 |
BOTTOM OF THE 2ND |
BlackIron Dragons batting - Pitching for Memphis Blues : RHP Rafael Ressureio
|
Batting: RHB Preston MacLyan
|
0-0: Ball 1-0: Ball 2-0: Ball 3-0: Base on Balls
|
Batting: RHB Frank Maxwell
|
0-0: Ball 1-0: Foul Ball, location: 2F 1-1: Ball Preston MacLyan steals 2nd base 2-1: Swinging Strike 2-2: Fly out, F4 (Popup, 4D)
|
Batting: RHB Mark Arnold
|
0-0: Called Strike Preston MacLyan steals 3rd base 0-1: Foul Ball, location: 2F 0-2: Strikes out looking
|
Batting: RHB Doug O'Brien
|
0-0: Called Strike 0-1: Foul Ball, location: 2F 0-2: Ball 1-2: SINGLE (Groundball, 56D) Preston MacLyan scores
|
Batting: RHB Eugene Payne
|
0-0: Ball 1-0: Called Strike 1-1: Ball 2-1: Foul Ball, location: 2F 2-2: Strikes out swinging
|
Bottom of the 2nd over - 1 run(s), 1 hit(s), 0 error(s), 1 left on base; Memphis 0 - BlackIron 1 |
TOP OF THE 3RD |
Memphis Blues batting - Pitching for BlackIron Dragons : RHP Fernando Mendoza
|
Batting: RHB Glenn Melican
|
0-0: Ball 1-0: Called Strike 1-1: Ball 2-1: Ball 3-1: Foul Ball, location: 2F 3-2: Base on Balls
|
Batting: LHB Alan McGilroy
|
0-0: Swinging Strike 0-1: Called Strike 0-2: Ball 1-2: Ball 2-2: Fielders Choice at 2nd, 4-6 (Groundball, 34)
|
Batting: RHB Ángel Hernández
|
0-0: Called Strike 0-1: Ball 1-1: Called Strike 1-2: Foul Ball, location: 2F 1-2: Strikes out swinging
|
Batting: RHB Jorge Domínguez
|
0-0: Ball 1-0: Ball 2-0: Swinging Strike 2-1: Ball 3-1: Swinging Strike 3-2: Base on Balls Alan McGilroy to second
|
Batting: RHB Jaime Spiridon
|
0-0: Called Strike 0-1: Ball 1-1: Swinging Strike 1-2: Ball 2-2: Strikes out looking
|
Top of the 3rd over - 0 run(s), 0 hit(s), 0 error(s), 2 left on base; Memphis 0 - BlackIron 1 |
BOTTOM OF THE 3RD |
BlackIron Dragons batting - Pitching for Memphis Blues : RHP Rafael Ressureio
|
Batting: RHB Jesús Cruz
|
0-0: Foul Ball, location: 2F 0-1: SINGLE (Groundball, 34)
|
Batting: RHB Boyd Pittman
|
0-0: Ball 1-0: Ball 2-0: Swinging Strike 2-1: Swinging Strike 2-2: Ball 3-2: Strikes out looking
|
Batting: RHB Gil Palmer
|
0-0: Called Strike Jesús Cruz is caught stealing 2nd base 0-1: Ball 1-1: Foul Ball, location: 2F 1-2: SINGLE (Line Drive, 8LS)
|
Batting: LHB Culley Vaughan
|
0-0: Ball 1-0: Ball 2-0: Ball 3-0: Called Strike 3-1: Foul Ball, location: 2F 3-2: Foul Ball, location: 2F 3-2: Foul Ball, location: 2F 3-2: Fly out, F9 (Flyball, 9S)
|
Bottom of the 3rd over - 0 run(s), 2 hit(s), 0 error(s), 1 left on base; Memphis 0 - BlackIron 1 |
TOP OF THE 4TH |
Memphis Blues batting - Pitching for BlackIron Dragons : RHP Fernando Mendoza
|
Batting: LHB Phil Cantrell
|
0-0: Foul Ball, location: 2F 0-1: Foul Ball, location: 2F 0-2: Ball 1-2: Foul Ball, location: 2F 1-2: Foul Ball, location: 2F 1-2: Strikes out swinging
|
Batting: LHB Chris Austin
|
0-0: Ball 1-0: SINGLE (Groundball, 34D) (infield hit)
|
Batting: RHB Glenn Johnson
|
0-0: Swinging Strike 0-1: Ball 1-1: Ground out 4-3 (Groundball, 13) Chris Austin to second
|
Batting: LHB Ken Nelson
|
0-0: Called Strike 0-1: Ball 1-1: Ball 2-1: Foul Ball, location: 2F 2-2: Ball 3-2: Strikes out swinging
|
Top of the 4th over - 0 run(s), 1 hit(s), 0 error(s), 1 left on base; Memphis 0 - BlackIron 1 |
BOTTOM OF THE 4TH |
BlackIron Dragons batting - Pitching for Memphis Blues : RHP Rafael Ressureio
|
Batting: RHB Preston MacLyan
|
0-0: Foul Ball, location: 2F 0-1: Ball 1-1: Ball 2-1: Foul Ball, location: 2F 2-2: Ball 3-2: Foul Ball, location: 2F 3-2: Foul Ball, location: 2F 3-2: Foul Ball, location: 2F 3-2: Strikes out swinging
|
Batting: RHB Frank Maxwell
|
0-0: Ball 1-0: Ball 2-0: Ball 3-0: Called Strike 3-1: Base on Balls
|
Batting: RHB Mark Arnold
|
0-0: Swinging Strike 0-1: Foul Ball, location: 2F 0-2: Ball 1-2: Ball 2-2: SINGLE (Line Drive, 6D) Frank Maxwell to second
|
Batting: RHB Doug O'Brien
|
0-0: Fly out, F4 (Popup, 3D)
|
Batting: RHB Eugene Payne
|
0-0: Called Strike 0-1: Ball 1-1: Foul Ball, location: 2F 1-2: Foul Ball, location: 2F 1-2: Ball 2-2: Ground out 6-3 (Groundball, 6)
|
Bottom of the 4th over - 0 run(s), 1 hit(s), 0 error(s), 2 left on base; Memphis 0 - BlackIron 1 |
TOP OF THE 5TH |
Memphis Blues batting - Pitching for BlackIron Dragons : RHP Fernando Mendoza
|
Batting: RHB Glenn Melican
|
0-0: Ball 1-0: Swinging Strike 1-1: Ball 2-1: SINGLE (Line Drive, 4MD)
|
Batting: LHB Alan McGilroy
|
0-0: Foul Ball, location: 2F 0-1: Ground out 4-3 (Groundball, 4M) Glenn Melican to second
|
Batting: RHB Ángel Hernández
|
0-0: Fly out, F6 (Popup, 6)
|
Batting: RHB Jorge Domínguez
|
0-0: Ball 1-0: Ball 2-0: Called Strike 2-1: Ball 3-1: Base on Balls
|
Batting: RHB Jaime Spiridon
|
0-0: Ball 1-0: Swinging Strike 1-1: Ball 2-1: Swinging Strike 2-2: Strikes out swinging
|
Top of the 5th over - 0 run(s), 1 hit(s), 0 error(s), 2 left on base; Memphis 0 - BlackIron 1 |
BOTTOM OF THE 5TH |
BlackIron Dragons batting - Pitching for Memphis Blues : RHP Rafael Ressureio
|
Pitching: RHP Bill Long
|
|
Batting: RHB Jesús Cruz
|
0-0: Ball 1-0: Foul Ball, location: 2F 1-1: Ball 2-1: Ball 3-1: Base on Balls
|
Batting: RHB Boyd Pittman
|
0-0: Called Strike 0-1: Ball 1-1: Called Strike 1-2: Strikes out swinging
|
Batting: RHB Gil Palmer
|
0-0: Ball 1-0: Ball 2-0: Foul Ball, location: 2F 2-1: Ball 3-1: Called Strike 3-2: Foul Ball, location: 2F 3-2: DOUBLE (Flyball, 89XD) Jesús Cruz to third
|
Batting: LHB Culley Vaughan
|
0-0: Intentional Walk
|
Batting: RHB Preston MacLyan
|
0-0: Ball 1-0: Foul Ball, location: 2F 1-1: Ball 2-1: DOUBLE (Line Drive, 8LM) Jesús Cruz scores Gil Palmer scores Culley Vaughan to third
|
Batting: RHB Frank Maxwell
|
0-0: Intentional Walk
|
Batting: RHB Mark Arnold
|
0-0: Called Strike 0-1: Foul Ball, location: 2F 0-2: Foul Ball, location: 2F 0-2: Ball 1-2: Ball 2-2: Ball 3-2: SINGLE (Groundball, 6S) Culley Vaughan scores Preston MacLyan to third Frank Maxwell to second Runner from 3rd tries for Home, SAFE, no throw or cutoff
|
Pitching: RHP Lee Donahue
|
|
Batting: RHB Doug O'Brien
|
0-0: Called Strike 0-1: Grounds into double play, 6-4-3 (Groundball, 6)
|
Bottom of the 5th over - 4 run(s), 3 hit(s), 0 error(s), 1 left on base; Memphis 0 - BlackIron 5 |
TOP OF THE 6TH |
Memphis Blues batting - Pitching for BlackIron Dragons : RHP Fernando Mendoza
|
Batting: LHB Phil Cantrell
|
0-0: Called Strike 0-1: Ball 1-1: Ball 2-1: Ball 3-1: Called Strike 3-2: Foul Ball, location: 2F 3-2: Ground out 6-3 (Groundball, 6M)
|
Batting: LHB Chris Austin
|
0-0: Foul Ball, location: 2F 0-1: Foul Ball, location: 2F 0-2: Fly out, F8 (Flyball, 8RXD)
|
Batting: RHB Glenn Johnson
|
0-0: Called Strike 0-1: Ball 1-1: Ball 2-1: Ball 3-1: Foul Ball, location: 2F 3-2: Foul Ball, location: 2F 3-2: Ground out 5-3 (Groundball, 5S)
|
Top of the 6th over - 0 run(s), 0 hit(s), 0 error(s), 0 left on base; Memphis 0 - BlackIron 5 |
BOTTOM OF THE 6TH |
BlackIron Dragons batting - Pitching for Memphis Blues : RHP Lee Donahue
|
Batting: RHB Eugene Payne
|
0-0: Ball 1-0: Ball 2-0: Called Strike 2-1: Called Strike 2-2: Ball 3-2: SINGLE (Flyball, 7S)
|
Batting: RHB Jesús Cruz
|
0-0: Fly out, F6 (Popup, 6S)
|
Batting: RHB Boyd Pittman
|
0-0: Ball 1-0: Ball 2-0: Ball 3-0: Called Strike 3-1: Base on Balls Eugene Payne to second
|
Batting: RHB Gil Palmer
|
0-0: Ball 1-0: Ball 2-0: Called Strike 2-1: Fly out, F3 (Popup, 3S)
|
Batting: LHB Culley Vaughan
|
0-0: Ball 1-0: Ball 2-0: Ball 3-0: Called Strike 3-1: Base on Balls Eugene Payne to third Boyd Pittman to second
|
Batting: RHB Preston MacLyan
|
0-0: Called Strike 0-1: Fly out, F8 (Flyball, 8RM)
|
Bottom of the 6th over - 0 run(s), 1 hit(s), 0 error(s), 3 left on base; Memphis 0 - BlackIron 5 |
TOP OF THE 7TH |
Memphis Blues batting - Pitching for BlackIron Dragons : RHP Fernando Mendoza
|
Pitching: RHP Bret McJannett
|
|
Batting: LHB Ken Nelson
|
0-0: Ball 1-0: Ball 2-0: Fly out, F7 (Flyball, 78M)
|
Batting: RHB Glenn Melican
|
0-0: Called Strike 0-1: Foul Ball, location: 2F 0-2: Foul Ball, location: 2F 0-2: Foul Ball, location: 2F 0-2: Fly out, F3 (Popup, 3F)
|
Batting: LHB Alan McGilroy
|
0-0: Swinging Strike 0-1: Foul Ball, location: 2F 0-2: Ball 1-2: Ball 2-2: Foul Ball, location: 2F 2-2: Ball 3-2: Base on Balls
|
Batting: RHB Ángel Hernández
|
0-0: Ball 1-0: Called Strike 1-1: Ball 2-1: Ball 3-1: Base on Balls Alan McGilroy to second
|
Batting: RHB Jorge Domínguez
|
0-0: Called Strike 0-1: Ball 1-1: Ball 2-1: Ball 3-1: Base on Balls Alan McGilroy to third Ángel Hernández to second
|
Batting: RHB Jaime Spiridon
|
0-0: Ball 1-0: Ball 2-0: Foul Ball, location: 2F 2-1: Foul Ball, location: 2F 2-2: Foul Ball, location: 2F 2-2: Ball 3-2: Fly out, F3 (Popup, 34)
|
Top of the 7th over - 0 run(s), 0 hit(s), 0 error(s), 3 left on base; Memphis 0 - BlackIron 5 |
BOTTOM OF THE 7TH |
BlackIron Dragons batting - Pitching for Memphis Blues : RHP Lee Donahue
|
Batting: RHB Frank Maxwell
|
0-0: Ball 1-0: Called Strike 1-1: Foul Ball, location: 2F 1-2: Ground out 5-3 (Groundball, 5S)
|
Pitching: LHP Fernando Palácios
|
|
Batting: RHB Mark Arnold
|
0-0: Swinging Strike 0-1: Ball 1-1: Swinging Strike 1-2: Ball 2-2: Ball 3-2: Foul Ball, location: 2F 3-2: Base on Balls
|
Batting: RHB Doug O'Brien
|
0-0: Ball 1-0: Ball 2-0: Ball 3-0: Base on Balls Mark Arnold to second
|
Batting: RHB Eugene Payne
|
0-0: Called Strike 0-1: Ball 1-1: Fly out, F9 (Flyball, 9M)
|
Batting: RHB Jesús Cruz
|
0-0: Ground out 5-3 (Groundball, 5S)
|
Bottom of the 7th over - 0 run(s), 0 hit(s), 0 error(s), 2 left on base; Memphis 0 - BlackIron 5 |
TOP OF THE 8TH |
Memphis Blues batting - Pitching for BlackIron Dragons : RHP Bret McJannett
|
Batting: LHB Phil Cantrell
|
0-0: Ball 1-0: Swinging Strike 1-1: Ball 2-1: Fly out, F7 (Flyball, 78S)
|
Batting: LHB Chris Austin
|
0-0: Ball 1-0: Foul Ball, location: 2F 1-1: Swinging Strike 1-2: Ball 2-2: Strikes out looking
|
Batting: RHB Glenn Johnson
|
0-0: Called Strike 0-1: Ball 1-1: Called Strike 1-2: Strikes out swinging
|
Top of the 8th over - 0 run(s), 0 hit(s), 0 error(s), 0 left on base; Memphis 0 - BlackIron 5 |
BOTTOM OF THE 8TH |
BlackIron Dragons batting - Pitching for Memphis Blues : LHP Fernando Palácios
|
Batting: RHB Boyd Pittman
|
0-0: Ball 1-0: Ball 2-0: Foul Ball, location: 2F 2-1: Ball 3-1: Base on Balls
|
Batting: RHB Gil Palmer
|
0-0: Foul Ball, location: 2F 0-1: Swinging Strike 0-2: Ball 1-2: Strikes out swinging
|
Batting: LHB Culley Vaughan
|
0-0: Ball 1-0: Called Strike 1-1: Foul Ball, location: 2F 1-2: Strikes out looking Boyd Pittman steals 2nd base Batter strikes out.
|
Batting: RHB Preston MacLyan
|
0-0: Ball 1-0: Ball 2-0: Ball 3-0: Base on Balls
|
Batting: RHB Frank Maxwell
|
0-0: Ball 1-0: Ball 2-0: Ball 3-0: Base on Balls Boyd Pittman to third Preston MacLyan to second
|
Batting: RHB Mark Arnold
|
0-0: Ball 1-0: Ball 2-0: Foul Ball, location: 2F 2-1: Ball 3-1: Foul Ball, location: 2F 3-2: Foul Ball, location: 2F 3-2: Base on Balls Boyd Pittman scores Preston MacLyan to third Frank Maxwell to second
|
Batting: RHB Doug O'Brien
|
0-0: Foul Ball, location: 2F Reached via error on a dropped throw, E4 Preston MacLyan scores Frank Maxwell to third Mark Arnold to second
|
Batting: RHB Eugene Payne
|
0-0: Fly out, F9 (Flyball, 9D)
|
Bottom of the 8th over - 2 run(s), 0 hit(s), 1 error(s), 3 left on base; Memphis 0 - BlackIron 7 |
TOP OF THE 9TH |
Memphis Blues batting - Pitching for BlackIron Dragons : RHP Bret McJannett
|
Batting: LHB Ken Nelson
|
0-0: Ball 1-0: Foul Ball, location: 2F 1-1: Ball 2-1: Swinging Strike 2-2: Strikes out swinging
|
Batting: RHB Glenn Melican
|
0-0: Foul Ball, location: 2F 0-1: Foul Ball, location: 2F 0-2: Ball 1-2: Foul Ball, location: 2F 1-2: Strikes out swinging
|
Batting: LHB Alan McGilroy
|
0-0: Ball 1-0: Fly out, F9 (Flyball, 9M)
|
Top of the 9th over - 0 run(s), 0 hit(s), 0 error(s), 0 left on base; Memphis 0 - BlackIron 7 |
|